 Dungeon Crawl Stone Soup version 0.29.1-1-gd02db6906a (webtiles) character file.

Game seed: 11358008129347277230

10396 mortz the Covert (level 11, -1/49 HPs)
             Began as a Kobold Earth Elementalist on Oct 13, 2022.
             Was an Elder of Hepliaklqana.
             Slain by a catoblepas (27 damage)
             ... on level 1 of the Lair of Beasts.
             The game lasted 01:07:57 (13040 turns).

mortz the Covert (Kobold Earth Elementalist)       Turns: 13040, Time: 01:07:58

Health: -1/49      AC:  9    Str:  5    XL:     11   Next: 92%
Magic:  32/34      EV: 14    Int: 21    God:    Hepliaklqana [****..]
Gold:   519        SH:  9    Dex: 16    Spells: 21/30 levels left

rFire   . . .      SeeInvis .   a - +3 dagger
rCold   . . .      Faith    .   o - +0 buckler
rNeg    . . .      Spirit   .   g - +0 troll leather armour
rPois   .          Reflect  +   (no helmet)
rElec   .          Harm     .   A - +0 cloak
rCorr   .          Rampage  .   M - +2 pair of gloves
Will    .....                   u - +0 pair of boots
Stlth   +++++.....              T - amulet of reflection
HPRegen 0.96/turn               p - ring of wizardry
MPRegen 0.24/turn               z - ring of magical power

@: no status effects
A: reduced essence, small, no large weapons, nightstalker 3
a: Renounce Religion, Recall Ancestor, Ancestor Identity, Transference, Idealise


You were on level 1 of the Lair of Beasts.
You worshipped Hepliaklqana.
Hepliaklqana was greatly pleased with you.
You visited 3 branches of the dungeon, and saw 13 of its levels.
You also visited: Ossuary.

You collected 519 gold pieces.

Inventory:

Hand Weapons
 a - a +3 dagger (weapon)
 h - a +0 dagger
 I - a +3 war axe
 K - a +2 short sword of venom
 O - a +5 long sword of freezing
 Y - a +7 spear
Armour
 g - a +0 troll leather armour (worn)
 m - a +0 chain mail of fire resistance
 o - a +0 buckler (worn)
 s - a +0 robe of resistance
 u - a +0 pair of boots (worn)
 A - a +0 cloak (worn)
 H - a +1 robe of the Archmagi
 M - a +2 pair of gloves (worn)
 V - a +0 kite shield
Jewellery
 f - a ring of wizardry
 p - a ring of wizardry (left hand)
 x - a ring of flight
 y - an amulet of the acrobat
 z - a ring of magical power (right hand)
 C - a ring of protection from cold
 T - an amulet of reflection (around neck)
 X - a +6 ring of intelligence
Wands
 v - a wand of digging (5)
 J - a wand of light (9)
 P - a wand of paralysis (5)
 Q - a wand of roots (6)
 W - a wand of flame (3)
Scrolls
 e - 4 scrolls of teleportation
 l - 2 scrolls of amnesia
 r - 4 scrolls of silence
 w - 3 scrolls of magic mapping
 D - 2 scrolls of butterflies
 U - a scroll of fear
Potions
 b - 2 potions of magic
 c - 7 potions of curing
 d - 2 potions of cancellation
 i - 2 potions of lignification
 j - 2 potions of mutation
 k - 2 potions of heal wounds
 n - 3 potions of brilliance
 q - a potion of ambrosia {unknown}
 B - 2 potions of berserk rage
 E - 2 potions of haste
 F - 2 potions of might {unknown}
 G - 2 potions of resistance
 L - a potion of flight {unknown}
 N - 2 potions of invisibility {unknown}
 S - a potion of experience {unknown}
 Z - a potion of attraction {unknown}


   Skills:
 + Level 0.9 Fighting
 + Level 4.1 Short Blades
 + Level 0.1 Armour
 + Level 3.6 Dodging
 + Level 10.7 Stealth
 + Level 0.3 Shields
 + Level 10.3 Spellcasting
 + Level 3.5 Conjurations
 + Level 4.6 Summonings
 + Level 1.4 Transmutations
 + Level 10.3 Earth Magic
 * Level 4.4 Invocations


You had 21 spell levels left.
You knew the following spells:

 Your Spells              Type           Power      Damage    Failure   Level
a - Sandblast             Erth           100%       2d20      1%          1
c - Call Canine Familiar  Summ           30%        N/A       2%          3
p - Passwall              Tmut/Erth      29%        N/A       1%          2
s - Stone Arrow           Conj/Erth      80%        3d12      1%          3

Your spell library contained the following spells:

 Spells                   Type           Power      Damage    Failure   Level
 Summon Small Mammal      Summ           100%       N/A       1%          1
 Beastly Appendage        Tmut           32%        N/A       3%          1
 Apportation              Tloc           20%        N/A       6%          1
 Necrotise                Necr           40%        1d6       6%          1
 Wereblood                Tmut           16%        N/A       6%          2
 Petrify                  Tmut/Erth      35%        N/A       6%          4
 Leda's Liquefaction      Hex/Erth       16%        N/A       9%          4
 Spider Form              Tmut/Pois      13%        N/A       16%         3
 Portal Projectile        Hex/Tloc       20%        N/A       19%         3
 Tukima's Dance           Hex            10%        N/A       19%         3
 Blade Hands              Tmut           8%         N/A       65%         5


Dungeon Overview and Level Annotations

Branches:
Dungeon (11/15) Zot: 26872  Temple (1/1) D:6 Zot: 5660    Lair (1/5) D:10 Zot: 5883
    Orc (0/2) D:10        Ossuary (visited)

Altars:
Ashenzari
Cheibriados
Dithmenos
Elyvilon
Fedhas
Gozag
Hepliaklqana
Kikubaaqudgha
Makhleb
Nemelex Xobeh
Okawaru
Qazlal
Ru
Sif Muna
Trog
Uskayaw
Vehumet
Xom
Yredelemnul
Zin
The Shining One

Shops:
D:5 (


Innate Abilities, Weirdness & Mutations

Your life essence is reduced to manifest your ancestor. (-10% HP)
You are small and have problems with some larger weapons.
You are completely attuned to the shadows.


Message History

Press: ? - help, Shift-Dir - straight line, f/p - catoblepas
Aim: a catoblepas (lightly wounded, ally target, 100% to hit)
The stone arrow hits the catoblepas!
The catoblepas is moderately wounded.
You hear a loud, deep croak!
A bullfrog comes into view.
Mortz hits the catoblepas with a +0 flail.
Mortz blocks the bullfrog's attack.
What are your orders? t - Shout!
Orders for allies: a - Attack new target. p - Attack previous target. r - Retreat! s - Stop attacking. g - Guard the area. f - Follow me.
Anything else - Cancel.
Attack!
Your hound bites the catoblepas but does no damage.
The catoblepas completely misses you.
You hit the catoblepas.
The catoblepas is heavily wounded.
Mortz blocks the bullfrog's attack.
Your hound bites the catoblepas but does no damage.
You hit the catoblepas but do no damage.
The catoblepas is heavily wounded.
Mortz blocks the bullfrog's attack.
Mortz hits the bullfrog with a +0 flail!
Your hound bites the catoblepas but does no damage.
You block the catoblepas's attack.
Mortz blocks the bullfrog's attack.
You hit the catoblepas but do no damage.
The catoblepas is heavily wounded.
Your hound bites the catoblepas.
Mortz hits the bullfrog with a +0 flail!
The bullfrog dies!
The catoblepas gores you!!
Your hound bites the catoblepas but does no damage.
Mortz hits the catoblepas with a +0 flail.
You hit the catoblepas but do no damage.
The catoblepas is heavily wounded.
Your hound bites the catoblepas.
The catoblepas gores you!!
Ouch! That really hurt!
You die...

### #....#### ....
#.########....##.###....
....................†...
.##.##.#+.#..##...R.....
.#..........†.#.@Yh.....
.#...#.####.†...##.#....
......## ##..#.#####...
.....## #.....# ...
.#...# ##..#.# .. .#...#
#..#.# .#... #..# .


You could see the friendly mortz the knight, a catoblepas (ally target) and a
friendly hound (summoned).

Vanquished Creatures
  A cyclops (D:9)
  Maurice (D:8)
  4 trolls (D:10)
  2 hornets (D:8)
  A wyvern (D:8)
  3 yaks (D:8)
  An acid dragon (D:8)
  2 water moccasins
  A sky beast (D:7)
  3 orc warriors
  A black bear (D:7)
  3 ogres
  A centaur (D:9)
  3 phantoms
  A kobold brigand (D:10)
  3 bullfrogs
  2 necrophages
  5 gnoll sergeants (D:10)
  A water moccasin zombie (D:5)
  5 scorpions
  12 wights
  11 killer bees
  2 howler monkeys (D:7)
  A bullfrog zombie (D:5)
  A jelly (D:6)
  3 orc priests
  A hound (D:7)
  2 iguanas (D:4)
  A gnoll bouda (D:5)
  6 orc wizards
  9 mummies (Ossuary)
  24 gnolls
  8 adders
  3 adder zombies (D:5)
  A worm (D:2)
  2 dart slugs
  19 orcs
  5 bats
  3 endoplasms
  4 goblins
  3 hobgoblins
  4 jackals
  3 quokkas
  8 ball pythons
  3 frilled lizards
  A gnoll skeleton (Ossuary)
  2 goblin skeletons (Ossuary)
  12 kobolds
  A kobold skeleton (Ossuary)
  3 orc skeletons (Ossuary)
  7 rats
  3 rat skeletons (Ossuary)
212 creatures vanquished.

Vanquished Creatures (collateral kills)
  2 two-headed ogres
  2 wyverns (D:9)
  2 yaks (D:8)
  2 orc warriors
  A black bear (D:8)
  3 wolves (Lair:1)
  2 bullfrogs
  3 kobold brigands
  2 gnoll sergeants (D:10)
  4 wights
  2 killer bees
  An orc priest (D:9)
  A jelly (D:5)
  Crazy Yiuf (D:4)
  An iguana (D:6)
  4 orc wizards
  A hound zombie (D:5)
  3 mummies (Ossuary)
  7 gnolls
  A shadow imp (D:6)
  9 orcs
  A hobgoblin (D:4)
  A gnoll skeleton (Ossuary)
  6 kobolds
  8 rat skeletons (Ossuary)
70 creatures vanquished.

Vanquished Creatures (others)
  A wizard (D:6)
  5 knights
  10 plants
16 creatures vanquished.

Grand Total: 298 creatures vanquished

Notes
Turn   | Place    | Note
-------+----------+-------------------------------------------
     0 | D:1      | mortz the Kobold Earth Elementalist began the quest for the
                  | Orb.
     0 | D:1      | Reached XP level 1. HP: 10/10 MP: 3/3
   254 | D:1      | Reached XP level 2. HP: 15/15 MP: 1/5
   382 | D:1      | Reached XP level 3. HP: 12/19 MP: 4/6
  1109 | D:2      | Reached XP level 4. HP: 17/24 MP: 1/8
  1293 | D:2      | Learned a level 2 spell: Passwall
  1511 | D:2      | Found a hazy altar of Hepliaklqana.
  1517 | D:2      | Became a worshipper of Hepliaklqana the Forgotten
  2140 | D:2      | Found a faded altar of an unknown god.
  2858 | D:3      | Noticed a necrophage
  2970 | D:3      | Reached XP level 5. HP: 28/28 MP: 9/9
  3300 | D:3      | Reached * piety under Hepliaklqana
  4067 | D:4      | Reached XP level 6. HP: 28/28 MP: 11/11
  4267 | D:4      | Noticed an ogre
  4271 | D:4      | Killed an ogre
  4272 | D:4      | Reached skill level 5 in Stealth
  4414 | D:4      | Learned a level 3 spell: Stone Arrow
  4429 | D:4      | Reached XP level 7. HP: 30/32 MP: 9/13
  4628 | D:4      | Found a sparkling altar of Nemelex Xobeh.
  4677 | D:4      | Found a snail-covered altar of Cheibriados.
  4997 | D:4      | Found a runed translucent door.
  5000 | D:4      | Noticed Crazy Yiuf
  5004 | D:4      | Killed Crazy Yiuf
  5005 | D:4      | Reached skill level 1 in Short Blades
  5080 | D:5      | Entered Level 5 of the Dungeon
  5100 | D:5      | Found a sand-covered staircase.
  5105 | Ossuary  | Entered an ossuary
  5131 | Ossuary  | Reached skill level 5 in Earth Magic
  5158 | Ossuary  | Reached skill level 1 in Conjurations
  5495 | Ossuary  | Reached skill level 5 in Spellcasting
  5656 | D:5      | Reached XP level 8. HP: 36/36 MP: 15/15
  5818 | D:5      | Found a basalt altar of Yredelemnul.
  5966 | D:5      | Found a glowing silver altar of Zin.
  6056 | D:5      | Reached ** piety under Hepliaklqana
  6060 | D:5      | Remembered your ancestor mortz as a knight
  6089 | D:5      | Found Vequr's Antique Weapon Shop.
  6600 | D:6      | Reached XP level 9. HP: 40/40 MP: 18/18
  7034 | D:6      | Found a bloodstained altar of Trog.
  7037 | D:6      | Noticed a wizard
  7050 | D:6      | Killed a wizard
  7071 | D:6      | Found a staircase to the Ecumenical Temple.
  7077 | Temple   | Entered the Ecumenical Temple
  7422 | D:6      | Learned a level 3 spell: Call Canine Familiar
  7586 | D:6      | Found a white marble altar of Elyvilon.
  7902 | D:7      | Reached skill level 1 in Summonings
  8170 | D:7      | Reached *** piety under Hepliaklqana
  8729 | D:8      | Reached XP level 10. HP: 45/45 MP: 21/21
  9096 | D:8      | Found an iron altar of Okawaru.
  9303 | D:8      | Noticed Maurice
  9309 | D:8      | Killed Maurice
  9390 | D:8      | Reached **** piety under Hepliaklqana
  9796 | D:9      | Reached skill level 1 in Invocations
  9796 | D:9      | Noticed a two-headed ogre
  9797 | D:9      | Reached skill level 10 in Stealth
  9800 | D:9      | Killed a two-headed ogre
  9801 | D:9      | Reached XP level 11. HP: 49/49 MP: 24/24
 10672 | D:9      | Noticed a cyclops
 11497 | D:10     | Entered Level 10 of the Dungeon
 11515 | D:9      | Killed a cyclops
 11587 | D:10     | Found a staircase to the Orcish Mines.
 11840 | D:10     | Reached skill level 10 in Earth Magic
 12388 | D:10     | Found a blossoming altar of Fedhas.
 12404 | D:10     | Noticed a two-headed ogre
 12409 | D:10     | Killed a two-headed ogre
 12410 | D:10     | Reached skill level 10 in Spellcasting
 12461 | D:10     | Found a staircase to the Lair.
 12927 | Lair:1   | Entered Level 1 of the Lair of Beasts
 13030 | Lair:1   | Noticed a catoblepas
 13040 | Lair:1   | Slain by a catoblepas

Illustrated notes

Levels and vault maps discovered:
D:1:      lightli_arrival_chessboard, layout_basic
D:2:      layout_rooms, hellmonk_ecumenical_altar_crossroads, basic_altar,
          minmay_bisected
D:3:      layout_basic
D:4:      layout_cave_pools, mainiacjoe_overflow_alcove_1,
          nemelex_diamond_rough_becter, nicolae_zen_rock_garden,
          uniq_crazy_yiuf_cottage
D:5:      layout_loops_cross, mainiacjoe_overflow_boulevard,
          nicolae_yredelemnul_corpse_copse, serial_shops, shop, enter_ossuary_2
D:6:      layout_basic, trog_wizard, lemuel_tele_altar,
          nicolae_elyvilon_temple_path, minmay_temple_entry_overgrown,
          nicolae_titane
D:7:      layout_gridville
D:8:      layout_gridville, kennysheep_mini_moat, kennysheep_nub,
          columned_hall_lemuel, uniq_maurice
D:9:      layout_basic, kennysheep_generic_room_11
D:10:     layout_roguey, mainiacjoe_overflow_surrounded_room, lair_entry_dummy,
          kennysheep_orc_monster_closet_entryway
D:11:     layout_stronghold, uniq_harold
Temple:   oiseaux_autumnal_temple
Lair:1:   layout_chaotic_city, portal_ice_cave_entry_imps, uniq_gastronok

Skill      XL: |  1  2  3  4  5  6  7  8  9 10 11 |
---------------+----------------------------------+-----
Stealth        | 3 4 5 6 8 10 | 10.7
Earth Magic    | 4 5 6 7 9 10 | 10.3
Spellcasting   | 3 4 5 6 7 9 10 | 10.3
Short Blades   | 1 2 3 4 |  4.1
Conjurations   | 1 3 |  3.5
Summonings     | 2 3 4 |  4.6
Invocations    | 2 4 |  4.4
Dodging        | 3 |  3.6
Fighting       | |  0.9
Armour         | |  0.1
Shields        | |  0.3
Transmutations | |  1.4

Action                   |  1- 3 |  4- 6 |  7- 9 | 10-12 || total
-------------------------+-------+-------+-------+-------++-------
Melee: Dagger            |     8 |    17 |    18 |    26 ||    69
 Cast: Sandblast         |    19 |    61 |   124 |   108 ||   312
       Stone Arrow       |       |       |       |     6 ||     6
       Call Canine Famil |       |       |       |    21 ||    21
Invok: Ancestor Identity |       |     1 |     1 |       ||     2
       Ancestor Life: Kn |       |       |     1 |       ||     1
  Use: Scroll            |     2 |     3 |    11 |     3 ||    19
 Stab: Sleeping          |     6 |    15 |    18 |    18 ||    57
       Distracted        |       |       |       |     1 ||     1
Armor: Robe              |     4 |     6 |     3 |    17 ||    30
Dodge: Dodged            |    13 |    33 |    10 |    53 ||   109
Block: Other             |       |       |       |    11 ||    11
       Reflection        |       |       |       |     2 ||     2
       Buckler           |       |       |       |     1 ||     1
